 Dungeon Crawl Stone Soup version 0.30-a0-778-g2ef04afb54 (webtiles) character file.

Game seed: 16401386312887660866

37 Adverbial the Trooper (level 3, 33/33 HPs)
             Began as a Draconian Monk on Feb 16, 2023.
             Was an Initiate of Hepliaklqana.
             Quit the game on level 3 of the Dungeon.
             The game lasted 00:10:23 (869 turns).

Adverbial the Trooper (Draconian Monk)               Turns: 869, Time: 00:10:23

Health: 33/33      AC:  5    Str: 15    XL:     3   Next: 23%
Magic:  3/3        EV: 12    Int: 10    God:    Hepliaklqana [......]
Gold:   78         SH:  0    Dex: 13    Spells: 2/2 levels left

rFire   . . .      SeeInvis .    a - +0 falchion
rCold   . . .      Faith    .    (no shield)
rNeg    . . .      Spirit   .    (body armour unavailable)
rPois   .          Reflect  .    (helmet restricted)
rElec   .          Harm     .    (no cloak)
rCorr   .          Rampage  .    (no gloves)
Will    .....                    (no boots)
Stlth   ++                       (no amulet)
HPRegen 0.25/turn                (no ring)
MPRegen 0.08/turn                (no ring)

@: no status effects
A: AC +5, unfitting armour, cold-blooded
a: Renounce Religion


You were on level 3 of the Dungeon.
You worshipped Hepliaklqana.
Hepliaklqana was noncommittal.
You visited 1 branch of the dungeon, and saw 3 of its levels.

You collected 78 gold pieces.

Inventory:

Hand Weapons
 a - a +0 falchion (weapon)
Scrolls
 d - a scroll of fear {unknown}
 e - 4 scrolls of identify {unknown}
Potions
 b - a potion of ambrosia
 c - a potion of might {unknown}
 f - a potion of curing {unknown}
 g - a potion of mutation {unknown}
 h - 2 potions of cancellation {unknown}


   Skills:
 + Level 3.6 Fighting
 + Level 3.3 Long Blades
 + Level 3.0 Dodging
 + Level 2.3 Stealth
 * Level 0.9 Invocations


You had 2 spell levels left.
You didn't know any spells.
Your spell library was empty.

Dungeon Overview and Level Annotations

Branches:
Dungeon (3/15)

Altars:
Dithmenos
Hepliaklqana
Nemelex Xobeh
Okawaru

Shops:
D:3 [


Innate Abilities, Weirdness & Mutations

Your plain brown scales are hard. (AC +5)
You cannot fit into any form of body armour.
You are cold-blooded and may be slowed by cold attacks.


Message History

There is a shadowy altar of Dithmenos here.
You kneel at the altar of Dithmenos.
You see here a +0 whip.
There is a hazy altar of Hepliaklqana here.
You kneel at the altar of Hepliaklqana.
There is a hazy altar of Hepliaklqana here.
You kneel at the altar of Hepliaklqana.
Okay, then.
Really renounce your faith, foregoing its fabulous benefits?
Are you sure?
You have lost your religion!
Okawaru does not appreciate desertion!
You kneel at the altar of Hepliaklqana.
e - 3 scrolls labelled INURCH EMMIH (gained 1)
e - 4 scrolls labelled INURCH EMMIH (gained 1)
There is a hazy altar of Hepliaklqana here.
You now have 78 gold pieces (gained 9).
Sorry, you're not good enough to have a special ability.
Sorry, you're not good enough to have a special ability.
You don't know any spells.
Your library has no spells.
There is a hazy altar of Hepliaklqana here.
You kneel at the altar of Hepliaklqana.
Hepliaklqana welcomes you!
Okay, then.
You don't know any spells.
You don't know any spells.
You don't know any spells.
You don't know any spells.
You don't know any spells.
Your library has no spells.
There is a hazy altar of Hepliaklqana here.
You see here a quokka corpse.
Found 5 stones.
You see here 5 stones.
Found a leather armour.
Found Doifan's Antique Armour Boutique.
Found a quarterstaff.
There is an entrance to Doifan's Antique Armour Boutique here.
You see here a +0 quarterstaff.
Are you sure you want to abandon this character and quit the game? (Confirm with "yes".)

.######...<.# ....#
#.....# .##<# #######
.##.####
...(...#######
###.##.#.....#
###.##...# #.#
....##.∩.###.######.#
######.....)....@...#
#.##[##.########
#....##.# #.......#
#########


There were no monsters in sight!

Vanquished Creatures
  3 worms (D:2)
  A dart slug (D:1)
  2 ball pythons
  2 bats
  An endoplasm (D:1)
  2 giant cockroaches (D:2)
  3 goblins (D:1)
  4 hobgoblins
  2 kobolds (D:1)
  2 quokkas
  2 rats (D:1)
24 creatures vanquished.

Vanquished Creatures (others)
  4 plants (D:2)
4 creatures vanquished.

Grand Total: 28 creatures vanquished

Notes
Turn   | Place    | Note
-------+----------+-------------------------------------------
     0 | D:1      | Adverbial the Draconian Monk began the quest for the Orb.
     0 | D:1      | Reached XP level 1. HP: 19/19 MP: 1/1
   292 | D:1      | Reached XP level 2. HP: 21/26 MP: 2/2
   497 | D:2      | Found a faded altar of an unknown god.
   508 | D:2      | Prayed at the altar of an unknown god.
   508 | D:2      | Became a worshipper of Warmaster Okawaru
   508 | D:2      | Reached * piety under Okawaru
   508 | D:2      | Reached ** piety under Okawaru
   609 | D:2      | Reached XP level 3. HP: 6/31 MP: 3/3
   634 | D:2      | Found a sparkling altar of Nemelex Xobeh.
   724 | D:3      | Found a hazy altar of Hepliaklqana.
   724 | D:3      | Found a shadowy altar of Dithmenos.
   726 | D:3      | Noticed a shadow
   756 | D:3      | Fell from the grace of Okawaru
   798 | D:3      | Became a worshipper of Hepliaklqana the Forgotten
   853 | D:3      | Found Doifan's Antique Armour Boutique.
   869 | D:3      | Quit the game

Illustrated notes

Levels and vault maps discovered:
D:1:      psy_arrival_radial02, layout_basic
D:2:      layout_basic, basic_ecumenical_altar, serial_forest,
          infiniplex_forest_lined_2, infiniplex_forest_straight_2,
          infiniplex_forest_end_2, infiniplex_forest_end_3,
          infiniplex_forest_clump_double, basic_altar, uniq_robin
D:3:      layout_loops_cross, riverfiend_overflow_shadow_ancestor, serial_shops,
          nicolae_shop_stone, solitary_fountain

Skill      XL: |  1  2 |
---------------+-------+-----
Stealth        | 2 |  2.3
Dodging        | 3 |  3.0
Fighting       | |  3.6
Long Blades    | |  3.3
Invocations    | |  0.9

Action                     || total
---------------------------++-------
  Melee: Falchion          ||    93
         Tailslap          ||    13
 Invoke: Renounce Religion ||     1
   Stab: Sleeping          ||     1
 Armour: Skin              ||    51
  Dodge: Dodged            ||    84

Table legend: (Time is in decaauts)
 A = Elapsed time spent in this place.
 B = Non-inter-level travel time spent in this place.
 C = Inter-level travel time spent in this place.
 D = Time resting spent in this place.
 E = Time spent auto-exploring this place.
 F = Levels seen in this place.
 G = Mean time per level.
                   A        B        C        D        E       F      G
               +--------+--------+--------+--------+--------+-----+--------+
         Total |    881 |    881 |      0 |      0 |      0 |   3 |  293.7 |
       Dungeon |    881 |    881 |      0 |      0 |      0 |   3 |  293.7 |
               +--------+--------+--------+--------+--------+-----+--------+

Top non-repeatable levels by time:
     D:1: 493 daAuts
     D:2: 219 daAuts
     D:3: 168 daAuts
